 Dungeon Crawl Stone Soup version 0.29-a0-43-g62a80824bf (webtiles) character file.

Game seed: 17010100512236691667

660 grumblor the Skirmisher (level 7, 0/38 HPs)
             Began as a Vine Stalker Fighter on Feb 3, 2022.
             Succumbed to a scorpion's poison
             ... on level 3 of the Dungeon.
             The game lasted 00:04:40 (3813 turns).

grumblor the Skirmisher (Vine Stalker Fighter)      Turns: 3813, Time: 00:04:41

Health: 0/38       AC:  6    Str: 19 (21) XL:     7   Next: 56%
Magic:  5/8        EV:  9    Int:  7 (8)  God:
Gold:   185        SH:  9    Dex: 11 (13) Spells: 6/6 levels left

rFire   . . .      SeeInvis .   a - +0 war axe
rCold   . . .      Faith    .   c - +0 buckler
rNeg    . . .      Spirit   +   b - +0 scale mail
rPois   .          Reflect  +   (no helmet)
rElec   .          Harm     .   (no cloak)
rCorr   .          Rampage  .   (no gloves)
Will    .....                   (no boots)
Stlth   ..........              l - amulet of reflection
HPRegen 0.92/turn               (no ring)
MPRegen 0.11/turn               (no ring)

@: lethally poisoned (0 -> -2), invisible
A: fangs 2, regeneration 1, magic shield, antimagic bite, no potion heal 2
a: no special abilities


You were on level 3 of the Dungeon.
You visited 1 branch of the dungeon, and saw 4 of its levels.

You collected 185 gold pieces.

Inventory:

Hand Weapons
 a - a +0 war axe (weapon)
Missiles
 e - a javelin (quivered)
 i - a throwing net
 n - 4 poisoned darts
Armour
 b - a +0 scale mail (worn)
 c - a +0 buckler (worn)
Jewellery
 k - a ring of fire
 l - an amulet of reflection (around neck)
Potions
 d - a potion of might
 h - a potion of cancellation {unknown}
 j - 2 potions of invisibility


   Skills:
 * Level 4.6 Fighting
 + Level 4.1 Axes
 * Level 1.8 Throwing
 + Level 3.3 Armour
 * Level 2.2 Dodging
 + Level 3.3 Shields


You had 6 spell levels left.
You didn't know any spells.
Your spell library contained the following spells:

 Spells                   Type           Power      Damage    Failure   Level
 Summon Small Mammal      Summ           0%         N/A       88%         1
 Call Canine Familiar     Summ           0%         N/A       99%         3
 Summon Guardian Golem    Hex/Summ       0%         N/A       99%         3


Dungeon Overview and Level Annotations

Branches:
Dungeon (4/15)
 Temple: D:4-7

Altars:

Shops:
D:4 (


Innate Abilities, Weirdness & Mutations

You have extremely sharp teeth.
Your natural rate of healing is unusually fast.
When hurt, damage is shared between your health and your magic reserves.
Your bite disrupts and absorbs the magic of your enemies.
Potions cannot restore your health.


Message History

You see here a +0 ring mail.
There is a stone staircase leading up here.
You climb upwards.
There is a stone staircase leading down here.
You block the scorpion's attack. You block the scorpion's attack.
You hit the scorpion but do no damage. Your bite misses the scorpion.
The scorpion is lightly wounded.
The scorpion stings you.
You are poisoned.
The scorpion poisons you! You block the scorpion's attack.
You hit the scorpion. You bite the scorpion. You drain its power.
You feel invigorated.
The scorpion is heavily wounded.
You feel very sick. The scorpion closely misses you. The scorpion stings you.
You are more poisoned.
The scorpion poisons you!
You feel sick.
You feel very sick.
You feel sick.
You feel sick. The scorpion stings you.
* * * LOW HITPOINT WARNING * * *
You are lethally poisoned!
The scorpion poisons you!
* * * LOW HITPOINT WARNING * * *
You feel very sick.
It was a potion of invisibility.
You fade into invisibility!
* * * LOW HITPOINT WARNING * * *
You feel very sick. The scorpion barely misses you.
Unknown command.
It was a potion of heal wounds.
That seemed strangely inert.
* * * LOW HITPOINT WARNING * * *
You feel sick. The scorpion closely misses you.
It was a potion of degeneration.
There was something very wrong with that liquid.
You feel weakened.
You feel dopey.
You feel clumsy.
You die...

##...........####.###
######.#.####.......# #
#.#.# #.###.#.#####
######.#'## #.#
#.#.#...#
.<........###.#
#.....#.#
######.....##.#
###.#...# #
##.......#.####..##.##
####................##.#
...+............@......#
####.........####s..####
# ##.......## #..## #
##.....## #.## # ##...##
#.# # ##'## #.# # #.#
#.# # #.# #.#
########.## #.#


You could see a scorpion.

Vanquished Creatures
  An ogre (D:4)
  4 scorpions (D:4)
  A hound (D:2)
  An orc priest (D:4)
  A gnoll shaman (D:4)
  An orc wizard (D:4)
  A killer bee zombie (D:3)
  A hound skeleton (D:4)
  5 gnolls (D:4)
  8 adders
  2 worms
  3 dart slugs
  5 orcs (D:4)
  4 ball pythons
  6 endoplasms
  2 giant cockroaches
  5 goblins
  8 hobgoblins
  A jackal (D:2)
  3 quokkas
  3 training dummies (D:4)
  5 bats
  2 kobolds (D:4)
  3 rats
76 creatures vanquished.

Vanquished Creatures (others)
  7 fungi (D:4)
7 creatures vanquished.

Grand Total: 83 creatures vanquished

Notes
Turn   | Place    | Note
-------+----------+-------------------------------------------
     0 | D:1      | grumblor the Vine Stalker Fighter began the quest for the
                  | Orb.
     0 | D:1      | Reached XP level 1. HP: 11/11 MP: 2/2
   204 | D:1      | Reached XP level 2. HP: 14/16 MP: 3/3
   431 | D:1      | Found a faded altar of an unknown god.
  1110 | D:2      | Reached XP level 3. HP: 14/20 MP: 2/4
  1417 | D:2      | Gained mutation: Your natural rate of healing is unusually
                  | fast. [Vine Stalker growth]
  1417 | D:2      | Reached XP level 4. HP: 18/24 MP: 5/5
  2011 | D:3      | Reached skill level 1 in Dodging
  2566 | D:3      | Reached XP level 5. HP: 28/28 MP: 4/6
  2724 | D:4      | Found Anaiciumm's Firing Range.
  3181 | D:4      | Reached XP level 6. HP: 32/33 MP: 7/7
  3201 | D:4      | Reached skill level 1 in Throwing
  3403 | D:4      | Reached XP level 7. HP: 28/37 MP: 8/8
  3812 | D:3      | HP: 1/38 [poisoned by a scorpion]
  3813 | D:3      | Succumbed to a scorpion's poison

Illustrated notes

Levels and vault maps discovered:
D:1:      shiori_shiawase, layout_loops_ring,
          hellmonk_ecumenical_altar_leap_of_faith
D:2:      layout_basic, minmay_increasing_density
D:3:      layout_loops_corners
D:4:      old_forge, layout_loops_cross, nicolae_shop_firing_range

Skill      XL: |  1  2  3  4  5  6  7 |
---------------+----------------------+-----
Fighting       | 3 4 |  4.6
Axes           | 2 3 4 |  4.1
Shields        | 3 |  3.3
Dodging        | 1 2 |  2.2
Armour         | 3 |  3.3
Throwing       | 1 |  1.8

Action                   |  1- 3 |  4- 6 |  7- 9 || total
-------------------------+-------+-------+-------++-------
Melee: War axe           |    51 |   140 |    54 ||   245
       Bite              |    11 |    28 |    13 ||    52
Throw: Javelin           |       |     1 |     1 ||     2
  Use: Scroll            |     2 |     5 |     1 ||     8
       Potion            |       |       |     3 ||     3
Armor: Scale mail        |    16 |    51 |    24 ||    91
Dodge: Dodged            |    20 |    67 |    39 ||   126
Block: Buckler           |    10 |    35 |    41 ||    86

Table legend: (Time is in decaauts)
 A = Elapsed time spent in this place.
 B = Non-inter-level travel time spent in this place.
 C = Inter-level travel time spent in this place.
 D = Time resting spent in this place.
 E = Time spent auto-exploring this place.
 F = Levels seen in this place.
 G = Mean time per level.
                   A        B        C        D        E       F      G
               +--------+--------+--------+--------+--------+-----+--------+
         Total |   3913 |   3826 |     87 |    238 |   2897 |   4 |  978.2 |
       Dungeon |   3913 |   3826 |     87 |    238 |   2897 |   4 |  978.2 |
               +--------+--------+--------+--------+--------+-----+--------+

Top non-repeatable levels by time:
     D:4: 1169 daAuts
     D:2: 1151 daAuts
     D:3: 894 daAuts
     D:1: 697 daAuts
